 Dungeon Crawl Stone Soup version 0.31.0-11-ge490571c62 (webtiles) character file.

Game seed: 7796012609991405031

1607 Skitler the Shield-Bearer (level 8, -1/70 HPs)
             Began as an Armataur Fighter on Jan 30, 2024.
             Slain by a centaur (2 damage)
             ... on level 6 of the Dungeon.
             The game lasted 00:09:34 (3858 turns).

Skitler the Shield-Bearer (Armataur Fighter)        Turns: 3858, Time: 00:09:34

Health: -1/70      AC: 11    Str: 25    XL:     8   Next: 63%
Magic:  0/8        EV:  8    Int: 14    God:
Gold:   223        SH:  9    Dex:  9    Spells: 7/7 levels left

rFire   . . .        a - +0 flail
rCold   + . .        t - +0 kite shield
rNeg    . . .        l - +3 leather armour {Will+}
rPois   .            e - +1 helmet
rElec   .            (no cloak)
rCorr   .            y - +0 pair of gloves
SInv    .            (no barding)
Will    +....        A - amulet of guardian spirit
Stlth   +            j - +6 ring of intelligence
HPRegen 0.31/turn    w - ring of protection from cold
MPRegen 0.11/turn

%: guardian spirit, roll
@: no status effects
A: large, deformed body, tough skin 3, armoured tail, roll 2
a: no special abilities


You were on level 6 of the Dungeon.
You visited 1 branch of the dungeon, and saw 6 of its levels.

You collected 335 gold pieces.
You spent 112 gold pieces at shops.

Inventory:

Hand Weapons
 a - a +0 flail (weapon)
Armour
 b - a +0 scale mail
 c - a +0 buckler
 e - a +1 helmet (worn)
 l - a +3 leather armour of willpower (worn)
 m - a +0 chain mail
 t - a +0 kite shield (worn)
 y - a +0 pair of gloves (worn)
Jewellery
 j - a +6 ring of intelligence (left hand)
 w - a ring of protection from cold (right hand)
 A - an amulet of guardian spirit (around neck)
Scrolls
 d - a scroll of enchant weapon {unknown}
 f - a scroll of vulnerability {unknown}
 i - 4 scrolls of teleportation {unknown}
 k - a scroll of noise {unknown}
 q - a scroll of poison {unknown}
 u - a scroll of fear {unknown}
Potions
 g - 2 potions of haste {unknown}
 h - a potion of resistance {unknown}
 n - 4 potions of curing {unknown}
 o - 2 potions of heal wounds {unknown}
 p - a potion of mutation {unknown}
 r - a potion of attraction {unknown}
 s - 3 potions of cancellation {unknown}
 v - 3 potions of lignification {unknown}
 x - 2 potions of enlightenment {unknown}
 z - a potion of brilliance {unknown}
 B - a potion of ambrosia {unknown}


   Skills:
 * Level 6.2 Fighting
 * Level 5.7 Maces & Flails
 + Level 6.1 Armour
 * Level 6.6 Shields


You had 7 spell levels left.
You didn't know any spells.
Your spell library contained the following spells:

 Spells                   Type           Power      Damage    Failure   Level
 Vampiric Draining        Necr           0%         2d6       88%         3
 Summon Mana Viper        Hex/Summ       0%         N/A       100%        5
 Infestation              Necr           0%         N/A       100%        8


Dungeon Overview and Level Annotations

Branches:
Dungeon (6/15)
 Temple: D:4-7

Altars:

Shops:
D:3 *   D:4 (   D:5 *[[


Innate Abilities, Weirdness & Mutations

Armour fits poorly on your strangely shaped body.
You have extremely tough skin. (AC +3)
You have a long armoured tail.
You regenerate magic and health when rolling toward enemies. (Rampage Regen)


Message History

The sky beast is almost dead.
The centaur hits you but does no damage.
You block the centaur's attack. x2
The centaur kicks you but does no damage.
You block the sky beast's attack.
You closely miss the sky beast.
The sky beast is almost dead.
The centaur hits you but does no damage.
The centaur kicks you but does no damage.
You block the sky beast's attack. You block the centaur's attack.
The centaur kicks you but does no damage.
You barely miss the sky beast. You tail-slap the sky beast.
You kill the sky beast!
The centaur closely misses you.
The centaur kicks you but does no damage.
You block the centaur's attack. x2; The centaur hits you.
* * * LOW HITPOINT WARNING * * *
The centaur completely misses you.
You hit the centaur.
The centaur is lightly wounded.
The centaur hits you but does no damage.
You block the centaur's attack. x2
The centaur kicks you but does no damage.
You thump the centaur!
The centaur is moderately wounded.
You block the centaur's attack. The centaur closely misses you.
The centaur hits you.
* * * LOW HITPOINT WARNING * * *
The centaur kicks you.
* * * LOW HITPOINT WARNING * * *
You barely miss the centaur.
The centaur is moderately wounded.
The centaur closely misses you. You block the centaur's attack.
Unknown command.
You hit the centaur. You tail-slap the centaur.
The centaur is severely wounded.
The centaur hits you.
* * * LOW HITPOINT WARNING * * *
You block the centaur's attack. The centaur hits you.
You die...

..[...........#
.............##
.%............#
..............#
#..........#
#.....<....#
#..........#
##........##
##@.....##
#c).####
........
#.....≈≈≈.#
....≈≈≈≈#≈.#
#.≈≈≈≈#≈≈≈≈..#
...≈#≈≈≈≈#≈≈≈..
##.≈≈≈#≈≈≈≈#≈.#


You could see a centaur.

Vanquished Creatures
  Pikel (D:4)
  Maggie (D:6)
  Sigmund (D:3)
  A sky beast (D:6)
  2 ogres (D:5)
  2 scorpions (D:4)
  Jessica (D:3)
  2 iguanas (D:5)
  2 orc wizards (D:4)
  7 gnolls
  9 adders
  2 ribbon worms
  4 dart slugs
  5 orcs (D:4)
  7 ball pythons
  6 endoplasms
  7 giant cockroaches
  9 goblins
  5 hobgoblins
  4 jackals (D:2)
  8 kobolds
  A quokka (D:3)
  3 bats
  4 frilled lizards
  6 rats
100 creatures vanquished.

Vanquished Creatures (others)
  An adder (D:6)
1 creature vanquished.

Grand Total: 101 creatures vanquished

Notes
Turn   | Place    | Note
-------+----------+-------------------------------------------
     0 | D:1      | Skitler the Armataur Fighter began the quest for the Orb.
     0 | D:1      | Reached XP level 1. HP: 18/18 MP: 1/1
   171 | D:1      | Reached XP level 2. HP: 25/25 MP: 2/2
   549 | D:2      | Reached XP level 3. HP: 22/31 MP: 3/3
   723 | D:2      | Reached XP level 4. HP: 12/38 MP: 4/4
  1112 | D:2      | Got the Omnibus of Shades and the Entourage
  1452 | D:2      | Reached XP level 5. HP: 36/46 MP: 5/5
  1623 | D:3      | Found Epto's Assorted Antiques.
  1636 | D:3      | Bought a kite shield for 112 gold pieces
  1745 | D:3      | Noticed Sigmund
  1761 | D:3      | Killed Sigmund
  1762 | D:3      | Reached XP level 6. HP: 45/53 MP: 6/6
  1924 | D:3      | Noticed Jessica
  1929 | D:3      | Killed Jessica
  2331 | D:4      | Noticed Pikel
  2338 | D:4      | Killed Pikel
  2339 | D:4      | Reached skill level 5 in Fighting
  2339 | D:4      | Reached skill level 5 in Armour
  2339 | D:4      | Reached skill level 5 in Shields
  2339 | D:4      | Gained mutation: You regenerate magic and health when
                  | rolling toward enemies. (Rampage Regen) [Armataur growth]
  2339 | D:4      | Reached XP level 7. HP: 49/61 MP: 7/7
  2395 | D:4      | Found Ziroim's Weapon Shoppe.
  3003 | D:5      | Entered Level 5 of the Dungeon
  3003 | D:5      | Found Fejahies's Antique Armour Shoppe.
  3028 | D:5      | Reached skill level 5 in Maces & Flails
  3028 | D:5      | Reached XP level 8. HP: 50/69 MP: 8/8
  3130 | D:5      | Found Vyhurism's Armour Boutique.
  3756 | D:5      | Found Bakkecy's General Store.
  3825 | D:6      | Noticed Maggie
  3847 | D:6      | Killed Maggie
  3858 | D:6      | HP: 1/70 [centaur (4)]
  3858 | D:6      | Slain by a centaur

Illustrated notes

Levels and vault maps discovered:
D:1:      dreamdust_arrival_beginning_and_end, layout_rooms,
          minmay_worlds_worst_comb
D:2:      layout_basic, dreamdust_princess_bridge, columned_hall_lemuel
D:3:      layout_basic, serial_shops, shop, kennysheep_another_room,
          uniq_jessica, uniq_sigmund
D:4:      layout_loops_ring, serial_shops, shop, uniq_pikel
D:5:      layout_gridville, serial_shops, nicolae_shop_hallway_stairs,
          nicolae_stop_n_shop_2, kennysheep_mini_moat
D:6:      layout_rooms, lemuel_coloured_pillars_altar,
          minmay_temple_entry_statues_fountains, nicolae_shop_i_like_big_books,
          nicolae_lava_and_water, uniq_maggie

Skill      XL: |  1  2  3  4  5  6  7  8 |
---------------+-------------------------+-----
Maces & Flails | 2 3 4 5 |  5.7
Fighting       | 3 4 5 6 |  6.2
Armour         | 4 5 6 |  6.1
Shields        | 4 5 6 |  6.6

Action                     |  1- 3 |  4- 6 |  7- 9 || total
---------------------------+-------+-------+-------++-------
  Melee: Flail             |    89 |   121 |   145 ||   355
         Tailslap          |     9 |    20 |    22 ||    51
    Use: Potion            |     1 |       |       ||     1
 Armour: Scale mail        |    14 |       |       ||    14
         Leather armour    |    79 |    66 |   137 ||   282
         Skin              |     3 |       |       ||     3
  Dodge: Dodged            |    59 |    43 |    49 ||   151
  Block: Buckler           |    25 |     9 |       ||    34
         Kite shield       |       |    16 |    90 ||   106
